 Dungeon Crawl Stone Soup version 0.29-a0-529-gfa20dd96a1 (webtiles) character file.

Game seed: 13990895078072726240

48 siradein the Cudgeller (level 4, -7/30 (38) HPs)
             Began as a Meteoran Fighter on June 2, 2022.
             Mangled by a gnoll
             ... wielding a +0 flail
              (9 damage)
             ... on level 2 of the Dungeon.
             The game lasted 00:03:38 (1304 turns).

siradein the Cudgeller (Meteoran Fighter)           Turns: 1304, Time: 00:03:38

HP:   -7/30 (38)    AC:  9    Str: 19    XL:     4   Next: 18%
MP:   14/14         EV:  7    Int:  9    God:
Gold: 72            SH:  5    Dex: 14    Spells: 3/3 levels left

rFire   . . .      SeeInvis .   a - +0 flail
rCold   . . .      Faith    .   c - +0 buckler
rNeg    . . .      Spirit   .   k - +0 chain mail
rPois   .          Reflect  .   (no helmet)
rElec   .          Harm     .   (no cloak)
rCorr   .          Rampage  .   (no gloves)
Will    .....                   (no boots)
Stlth   ..........              (no amulet)
HPRegen 0.10/turn               f - ring of magical power
MPRegen 0.14/turn               (no ring)

@: glowing, heavily drained, bezotted
A: sense surroundings 1, otherworldly, glowing, explore regen
a: no special abilities


You were on level 2 of the Dungeon.
You visited 1 branch of the dungeon, and saw 2 of its levels.

You collected 72 gold pieces.

Inventory:

Hand Weapons
 a - a +0 flail (weapon)
Armour
 c - a +0 buckler (worn)
 k - a +0 chain mail (worn)
Jewellery
 f - a ring of magical power (left hand)
Scrolls
 e - 3 scrolls of enchant weapon {unknown}
 h - a scroll of acquirement {unknown}
Potions
 d - a potion of might
 g - a potion of attraction {unknown}
 i - a potion of haste {unknown}
 j - a potion of magic {unknown}


   Skills:
 - Level 3.2 Fighting
 + Level 5.3 Maces & Flails
 - Level 3.6 Armour
 - Level 3.6 Shields


You had 3 spell levels left.
You didn't know any spells.
Your spell library was empty.

Dungeon Overview and Level Annotations

Branches:
Dungeon (2/15)

Altars:


Innate Abilities, Weirdness & Mutations

You passively map a small area around you.
You are easily found by Zot.
You glow in the dark.
You regain HP and MP as you explore.


Message History

The gnoll hits you with a +0 flail.
* * * LOW HITPOINT WARNING * * *
The gnoll hits you but does no damage.
Really rest while Zot is near? [Y]es or [N]o only, please.
Really rest while Zot is near? [Y]es or [N]o only, please.
Really rest while Zot is near? [Y]es or [N]o only, please.
Really rest while Zot is near? [Y]es or [N]o only, please.
Really rest while Zot is near? [Y]es or [N]o only, please.
Really rest while Zot is near?
Okay, then.
The gnoll attacks as you move away! The gnoll closely misses you.
The gnoll attacks as you move away! The gnoll hits you but does no damage.
Things that are here:
a +0 whip; a kobold corpse You hit the gnoll.
You kill the gnoll!
Your Maces & Flails skill increases to level 5!
You closely miss the gnoll. The gnoll hits you with a +0 flail.
* * * LOW HITPOINT WARNING * * *
You thump the gnoll!
The gnoll is almost dead.
You block the gnoll's attack.
You hit the gnoll.
You kill the gnoll!
You have reached level 4!
You sock the gnoll!
The gnoll is almost dead.
The gnoll barely misses you.
You barely miss the gnoll.
The gnoll is severely wounded.
You block the gnoll's attack. x2
You hit the gnoll.
The gnoll is almost dead.
The gnoll hits you with a +0 flail!
You die...

#.# * #.## ,
#.. #.# .
###.####(...
,
#...........
, *
#.###.#..#.(
, *
#g###.#..# ,,
#@##.....# ,
,
#.##..#.###.
#.##........*
#.......##* *
####.####
#....# ####.#
####
#.#######...
#.........##


You could see a gnoll.

Vanquished Creatures
  2 gnolls (D:2)
  A worm (D:2)
  A dart slug (D:1)
  4 endoplasms (D:1)
  A giant cockroach (D:2)
  5 goblins
  2 quokkas (D:1)
  A ball python (D:1)
  4 bats
  A frilled lizard (D:1)
  A kobold (D:2)
23 creatures vanquished.

Vanquished Creatures (others)
  A fungus (D:1)
1 creature vanquished.

Grand Total: 24 creatures vanquished

Notes
Turn   | Place    | Note
-------+----------+-------------------------------------------
     0 | D:1      | siradein the Meteoran Fighter began the quest for the Orb.
     0 | D:1      | Reached XP level 1. HP: 19/19 MP: 2/2
    58 | D:1      | Reached skill level 3 in Maces & Flails
    85 | D:1      | Reached XP level 2. HP: 26/26 MP: 3/3
   221 | D:1      | Reached skill level 4 in Maces & Flails
   462 | D:1      | Reached XP level 3. HP: 28/31 MP: 4/4
   492 | D:1      | Glimpsed the power of Zot.
   542 | D:1      | Glimpsed the power of Zot.
   545 | D:1      | Found a faded altar of an unknown god.
   580 | D:1      | Glimpsed the power of Zot.
   589 | D:1      | Glimpsed the power of Zot.
   590 | D:1      | Touched by the power of Zot.
  1285 | D:2      | Glimpsed the power of Zot.
  1299 | D:2      | Reached skill level 5 in Maces & Flails
  1299 | D:2      | HP: 1/22 [gnoll/+0 flail (4)]
  1302 | D:2      | Reached XP level 4. HP: 1/30 MP: 5/5
  1304 | D:2      | Mangled by a gnoll

Illustrated notes

Levels and vault maps discovered:
D:1:      amcnicky_arrival_double_pillar, layout_basic,
          shapermc_ecumenical_altar_ellora
D:2:      cheibrodos_helix_gallery, layout_loops_cross,
          kennysheep_generic_room_14

Skill      XL: |  1  2  3 |
---------------+----------+-----
Maces & Flails | 3 4 5 |  5.3
Fighting       | |  3.2
Armour         | |  3.6
Shields        | |  3.6

Action                   |  1- 3 |  4- 6 || total
-------------------------+-------+-------++-------
Melee: Flail             |    72 |     3 ||    75
Armor: Scale mail        |    33 |       ||    33
       Chain mail        |     6 |       ||     6
Dodge: Dodged            |    23 |     1 ||    24
Block: Buckler           |    17 |     2 ||    19

Table legend: (Time is in decaauts)
 A = Elapsed time spent in this place.
 B = Non-inter-level travel time spent in this place.
 C = Inter-level travel time spent in this place.
 D = Time resting spent in this place.
 E = Time spent auto-exploring this place.
 F = Levels seen in this place.
 G = Mean time per level.
                   A        B        C        D        E       F      G
               +--------+--------+--------+--------+--------+-----+--------+
         Total |   1321 |   1313 |      8 |      0 |    855 |   2 |  660.5 |
       Dungeon |   1321 |   1313 |      8 |      0 |    855 |   2 |  660.5 |
               +--------+--------+--------+--------+--------+-----+--------+

Top non-repeatable levels by time:
     D:1: 1048 daAuts
     D:2: 272 daAuts
